 Dungeon Crawl Stone Soup version 0.14-a0-1029-g9530a8b (webtiles) character file.

240 MirrMurr the Sneak (level 4, -2/21 HPs)
             Began as a Spriggan Enchanter on Nov 24, 2013.
             Slain by an orc
             ... wielding a +1,+0 orcish whip
              (6 damage)
             ... on Level 3 of the Dungeon.
             The game lasted 00:09:14 (1640 turns).

MirrMurr the Sneak (Spriggan Enchanter)             Turns: 1640, Time: 00:09:14

HP  -2/21        AC  3     Str  5      XL: 4   Next: 95%
MP   5/11        EV 18     Int 16      God:
Gold 106         SH  0     Dex 16      Spells:  2 memorised,  2 levels left

Res.Fire  : . . .   See Invis. : +   a - +1 dagger
Res.Cold  : . . .   Warding    : .   b - +1 robe
Life Prot.: . . .   Conserve   : .   (shield restricted)
Res.Poison: .       Res.Corr.  : .   (helmet restricted)
Res.Elec. : .       Clarity    : .   (no cloak)
Sust.Abil.: . .     Spirit.Shd : .   (gloves unavailable)
Res.Mut.  : .       Stasis     : .   (boots unavailable)
Res.Rott. : .       Flight     : .   (no amulet)
Saprovore : . . .                    (no ring)
                                     (no ring)

@: very quick, slightly resistant to hostile enchantments, very stealthy
A: unfitting armour, see invisible, herbivore 3, speed 3, slow metabolism 2
a: no special abilities


You were on level 3 of the Dungeon.
You were not hungry.

You visited 1 branch of the dungeon, and saw 3 of its levels.

You collected 106 gold pieces.

Inventory:

Hand weapons
 a - a +1,+1 dagger (weapon)
 i - a +0,+0 elven dagger
 j - a +0,+1 dwarven dagger
Missiles
 d - 12 darts (quivered)
Armour
 b - a +1 robe (worn)
 q - a +0 orcish buckler
Comestibles
 l - an apple
 w - 2 bread rations
Scrolls
 f - 3 scrolls of teleportation
 g - a scroll of curse weapon {unknown}
 h - 2 scrolls of identify
 n - a scroll of noise {unknown}
 o - 2 scrolls of enchant weapon II {unknown}
 p - a scroll of enchant weapon I {unknown}
 r - 2 scrolls of remove curse {unknown}
 v - a scroll of random uselessness {unknown}
 y - a scroll of enchant armour {unknown}
Potions
 e - a potion of porridge
 k - 2 potions of curing
 m - a potion of agility {unknown}
 s - a potion of beneficial mutation {unknown}
 t - a potion of paralysis {unknown}
 u - a potion of invisibility {unknown}
 x - a potion of restore abilities {unknown}
 z - a potion of poison {unknown}
Books
 c - a book of Maledictions

   Spells                             Type                      Level
   *Corona                            Hexes                        1
   Sure Blade                         Hexes/Charms                 2
   *Ensorcelled Hibernation           Hexes/Ice                    2
   Confuse                            Hexes                        3
   Enslavement                        Hexes                        4
   Invisibility                       Hexes                        6


   Skills:
 + Level 3.2 Short Blades
 - Level 1.1 Throwing
 - Level 3.0 Dodging
 + Level 6.7 Stealth
 - Level 1.3 Spellcasting
 - Level 3.6 Hexes


You had 2 spell levels left.
You knew the following spells:

 Your Spells              Type           Power        Failure   Level  Hunger
a - Ensorcelled Hibernat  Hex/Ice        #.....       17%         2    ###....
Z - Corona                Hex            ##.....      8%          1    ##.....


Dungeon Overview and Level Annotations

Branches:
Dungeon (3/16)

Altars:
Kikubaaqudgha
Okawaru


Innate Abilities, Weirdness & Mutations

You are tiny and cannot use many weapons and most armour.
You have supernaturally acute eyesight.
You are a herbivore.
You cover ground extremely quickly.
You need consume almost no food.


Message History

Aiming: Ensorcelled Hibernation
Press: ? - help, Shift-Dir - straight line, f/p - orc
Aim: an orc, wielding an orcish whip and wearing an orcish scale mail (severely wounded)
The orc is unaffected.
The orc barely misses you.
Casting: Ensorcelled Hibernation
Confirm with . or Enter, or press ? or * to list all spells.
You don't know that spell.
You hit the orc but do no damage.
The orc is severely wounded.
You hit the orc but do no damage.
The orc is severely wounded.
The orc hits you with an orcish whip.
* * * LOW HITPOINT WARNING * * *
You barely miss the orc.
The orc is severely wounded.
The orc closely misses you.
You hit the orc but do no damage.
The orc is severely wounded.
The orc hits you with an orcish whip.
You die...

#.......
#........
#........#
#........
#.......
#...#.####.
#.<.........
#####.#.##.##
+..@oo)....#
#####.####.#
#.# #.# ..#
..# ... ..# .


You could see 2 orcs.

Vanquished Creatures
  An orc priest (D:3)
  3 adders (D:2)
  3 gnolls
  2 orcs (D:2)
  4 bats
  2 giant cockroaches
  9 hobgoblins
  7 kobolds
  4 giant newts
  10 goblins
  4 rats
49 creatures vanquished.

Notes
Turn   | Place    | Note
--------------------------------------------------------------
     0 | D:1      | MirrMurr, the Spriggan Enchanter, began the quest for the Orb.
     0 | D:1      | Reached XP level 1. HP: 9/9 MP: 4/4
   246 | D:1      | Reached skill level 4 in Stealth
   277 | D:1      | Reached XP level 2. HP: 13/13 MP: 6/6
   281 | D:1      | Learned a level 2 spell: Ensorcelled Hibernation
   302 | D:1      | Reached skill level 5 in Stealth
   549 | D:1      | Reached XP level 3. HP: 14/16 MP: 9/9
   904 | D:2      | Found an ancient bone altar of Kikubaaqudgha.
  1103 | D:2      | Reached skill level 6 in Stealth
  1158 | D:2      | Reached XP level 4. HP: 17/21 MP: 11/11
  1266 | D:2      | Found an iron altar of Okawaru.
  1640 | D:3      | Slain by an orc

Action                   |  1- 3 |  4- 6 || total
-------------------------+-------+-------++-------
Melee: Dagger            |   106 |    38 ||   144
 Cast: Ensorcelled Hiber |     2 |    10 ||    12
  Use: Scroll            |     2 |       ||     2
 Stab: Sleeping          |    11 |     6 ||    17
